 Dungeon Crawl Stone Soup version 0.20.0 (webtiles) character file.

40 Llamajah the Shield-Bearer (level 3, -2/29 HPs)
             Began as a Formicid Fighter on June 16, 2017.
             Slain by a gnoll
             ... wielding a +0 club
              (4 damage)
             ... on level 2 of the Dungeon.
             The game lasted 00:02:33 (906 turns).

Llamajah the Shield-Bearer (Formicid Fighter)        Turns: 906, Time: 00:02:34

Health: -2/29      AC:  7    Str: 26    XL:     3   Next: 72%
Magic:  3/3        EV: 10    Int:  7    God:
Gold:   86         SH:  4    Dex: 10    Spells: 2/2 levels left

rFire    . . .     SeeInvis +   a - +0 war axe
rCold    . . .     Gourm    .   h - +0 buckler
rNeg     . . .     Faith    .   b - +0 scale mail
rPois    .         Spirit   .   (helmet unavailable)
rElec    .         Reflect  .   (no cloak)
rCorr    .         Harm     .   (no gloves)
MR       .....                  (no boots)
Stlth    ..........             (no amulet)
Regen    0.1/turn               (no ring)
MPRegen  0.1/turn               (no ring)

@: mighty
A: permanent stasis, dig shafts and tunnels, four strong arms, antennae 3
a: Dig, Shaft Self


You were on level 2 of the Dungeon.
You were not hungry.

You visited 1 branch of the dungeon, and saw 2 of its levels.

You collected 86 gold pieces.

Inventory:

Hand Weapons
 a - a +0 war axe (weapon)
Armour
 b - a +0 scale mail (worn)
 c - a +0 shield
 h - a +0 buckler (worn)
Scrolls
 e - a scroll of fog {unknown}
 g - 4 scrolls of identify {unknown}
 j - a scroll of enchant weapon {unknown}
 k - a scroll of teleportation {unknown}
 l - a scroll of remove curse {unknown}
 m - a scroll of magic mapping {unknown}
 n - a scroll of recharging {unknown}
 r - a scroll of immolation {unknown}
Potions
 i - a potion of mutation {unknown}
 o - a potion of berserk rage {unknown}
 p - 2 potions of heal wounds {unknown}
Comestibles
 f - 2 bread rations
 q - 2 chunks of flesh


   Skills:
 + Level 3.4 Fighting
 + Level 2.4 Axes
 + Level 3.7 Armour
 * Level 1.1 Dodging
 + Level 3.9 Shields


You had 2 spell levels left.
You didn't know any spells.

Dungeon Overview and Level Annotations

Branches:
Dungeon (2/15)

Altars:


Innate Abilities, Weirdness & Mutations

You cannot be hasted, slowed, berserked, paralysed or teleported.
You can dig through walls and to a lower floor.
Your four strong arms can wield two-handed weapons with a shield.
You have a pair of large antennae on your head. (SInv)


Message History

The gnoll barely misses you.
You barely miss the gnoll. The gnoll barely misses you.
The gnoll hits you with a club.
The gnoll hits you from afar with a spear!
You are too injured to fight recklessly!
You are too injured to fight recklessly!
You are too injured to fight recklessly!
You are too injured to fight recklessly!
You are too injured to fight recklessly!
You barely miss the gnoll. The gnoll hits you with a club.
* * * LOW HITPOINT WARNING * * *
You block the gnoll's attack. The gnoll hits you but does no damage.
You barely miss the gnoll.
The gnoll hits you from afar with a spear.
* * * LOW HITPOINT WARNING * * *
The gnoll hits you but does no damage.
You slash the gnoll!
The gnoll is severely wounded.
You block the gnoll's attack. The gnoll hits you with a club.
You die...

.####..........#..#
#..............#
########.......#
#.####### #.# ..#
#.# # #.#
########.#.#
#.$gggg@...#
##########.# ...
###


You could see 4 gnolls.

Vanquished Creatures
  An adder (D:2)
  A dart slug (D:1)
  A ball python (D:1)
  4 bats
  3 hobgoblins
  4 kobolds
  2 quokkas (D:2)
  A frilled lizard (D:1)
  6 goblins
  3 rats (D:1)
26 creatures vanquished.

Notes
Turn   | Place    | Note
-------+----------+-------------------------------------------
     0 | D:1      | Llamajah the Formicid Fighter began the quest for the Orb.
     0 | D:1      | Reached XP level 1. HP: 18/18 MP: 1/1
    69 | D:1      | Reached XP level 2. HP: 23/24 MP: 2/2
   137 | D:1      | Reached skill level 1 in Dodging
   365 | D:1      | Reached XP level 3. HP: 21/29 MP: 3/3
   905 | D:2      | HP: 1/29 [gnoll/spear (5)]
   906 | D:2      | Slain by a gnoll

Skill      XL: |  1  2 |
---------------+-------+-----
Dodging        | 1 |  1.1
Fighting       | |  3.4
Axes           | |  2.4
Armour         | |  3.7
Shields        | |  3.9

Action                   || total
-------------------------++-------
Melee: War axe           ||    84
 Abil: Dig               ||     2
  Use: Potion            ||     1
Armor: Scale mail        ||    40
Dodge: Dodged            ||    27
Block: Shield            ||    21
       Buckler           ||    10
